 Dungeon Crawl Stone Soup version 0.24.0-37-gcf1ca852f1 (webtiles) character file.

Game seed: 7038499982907366850, levelgen mode: deterministic

734 Delamore the Cleaver (level 7, 0/85 HPs)
             Began as a Hill Orc Fighter on Nov 26, 2019.
             Slain by Duvessa
             ... wielding a +0 rapier
              (5 damage)
             ... on level 4 of the Dungeon.
             The game lasted 00:06:31 (3324 turns).

Delamore the Cleaver (Hill Orc Fighter)             Turns: 3324, Time: 00:06:32

Health: 0/85       AC: 23    Str: 26    XL:     7   Next: 74%
Magic:  7/7        EV:  2    Int:  8    God:
Gold:   208        SH:  9    Dex: 10    Spells: 6/6 levels left

rFire    . . .     SeeInvis +   a - +0 war axe
rCold    . . .     Gourm    .   c - +0 shield
rNeg     + + +     Faith    .   (armour currently unavailable)
rPois    +         Spirit   .   (helmet currently unavailable)
rElec    .         Reflect  .   (cloak currently unavailable)
rCorr    .         Harm     .   (gloves currently unavailable)
MR       +....     NoTele   +   (boots currently unavailable)
Stlth    +.........             (no amulet)
HPRegen  0.24/turn              i - ring of see invisible
MPRegen  0.10/turn              (no ring)

@: mighty, tree-form
A: magic resistance 1, wild magic 1
a: no special abilities


You were on level 4 of the Dungeon.
You were not hungry.
You were a tree.
You visited 1 branch of the dungeon, and saw 4 of its levels.

You collected 208 gold pieces.

Inventory:

Hand Weapons
 a - a +0 war axe (weapon)
Armour
 b - a +0 scale mail (melded)
 c - a +0 shield (worn)
 m - a +0 pair of gloves (melded)
Jewellery
 i - a ring of see invisible (left branch)
Wands
 o - a wand of polymorph (1)
 r - a wand of iceblast (10)
Scrolls
 e - a scroll of enchant weapon {unknown}
 j - 2 scrolls of identify {unknown}
 k - a scroll of fear {unknown}
 l - a scroll of amnesia {unknown}
 n - 2 scrolls of remove curse {unknown}
 q - a scroll of magic mapping {unknown}
Potions
 g - a potion of curing {unknown}
 s - a potion of mutation
Comestibles
 f - 9 rations
 p - 2 chunks of flesh


   Skills:
 - Level 3.6 Fighting
 + Level 11.0 Axes
 - Level 3.2 Armour
 - Level 3.2 Shields


You had 6 spell levels left.
You didn't know any spells.
Your spell library was empty.

Dungeon Overview and Level Annotations

Branches:
Dungeon (4/15)
 Temple: D:4-7

Altars:
Nemelex Xobeh

Annotations:
D:3 3 runed translucent doors, smzp's ghost, amateur SpAs
D:4 Duvessa


Innate Abilities, Weirdness & Mutations

((Your flesh is cold resistant. (rC+)))
You are resistant to hostile enchantments. (MR+)
Your spells are a little harder to cast, but a little more powerful.


Message History

* * * LOW HITPOINT WARNING * * *
Okay, then.
That item cannot be evoked!
Okay, then.
You feel very mighty all of a sudden. You block Duvessa's attack.
You hit Duvessa.
Duvessa is heavily wounded.
Duvessa hits you with a +0 rapier!
* * * LOW HITPOINT WARNING * * *
Duvessa closely misses you.
It was a potion of mutation.
You feel extremely strange.
You feel resistant to hostile enchantments.
You feel less in control of your magic.
You feel resistant to cold. You block Duvessa's attack.
It was a potion of lignification.
You turn into a tree.
Your +0 pair of gloves melds into your body.
Your +0 scale mail melds into your body.
Your roots penetrate the ground.
Duvessa hits you with a +0 rapier.
You die...

# #. ##.#.## .......
......? ......
#..... ..... #..)##
#...# #l## #...#
##.## #...# ##e#
#...# ##♣####...##
#.###......#
#.#.##....#.#
#.###.#..###.####
#.##.............#
##
#.#.#..###.##.#####
#...##......##.....#
##.# ##.##########.#
#.. #.# #.#


You could see Duvessa (berserk).

Vanquished Creatures
  Grinder (D:3)
  Sigmund (D:3)
  Dowan (D:4)
  A hound (D:3)
  Terence (D:3)
  Ijyb (D:1)
  A worker ant (D:4)
  9 adders
  4 gnolls (D:3)
  An ooze (D:3)
  4 worms
  A leopard gecko (D:4)
  8 orcs
  3 giant cockroaches
  8 goblins
  6 hobgoblins
  11 jackals
  8 kobolds
  3 quokkas (D:2)
  11 bats
  7 frilled lizards
  6 rats
97 creatures vanquished.

Notes
Turn   | Place    | Note
-------+----------+-------------------------------------------
     0 | D:1      | Delamore the Hill Orc Fighter began the quest for the Orb.
     0 | D:1      | Reached XP level 1. HP: 19/19 MP: 1/1
    39 | D:1      | Reached skill level 3 in Axes
    69 | D:1      | Reached XP level 2. HP: 21/26 MP: 2/2
   277 | D:1      | Reached skill level 4 in Axes
   632 | D:2      | Reached XP level 3. HP: 23/31 MP: 3/3
   848 | D:2      | Reached skill level 5 in Axes
  1106 | D:2      | Reached XP level 4. HP: 12/39 MP: 4/4
  1449 | D:2      | Reached skill level 6 in Axes
  1579 | D:2      | Found a sparkling altar of Nemelex Xobeh.
  1713 | D:3      | Noticed Sigmund
  1721 | D:3      | Noticed Ijyb
  1879 | D:1      | Killed Ijyb
  1879 | D:1      | Reached XP level 5. HP: 45/45 MP: 5/5
  2037 | D:2      | Reached skill level 7 in Axes
  2254 | D:3      | Killed Sigmund
  2254 | D:3      | Reached skill level 8 in Axes
  2254 | D:3      | Reached XP level 6. HP: 43/51 MP: 6/6
  2342 | D:3      | Found a runed translucent gate.
  2342 | D:3      | Found a runed translucent gate.
  2342 | D:3      | Found a runed translucent gate.
  2345 | D:3      | Noticed Grinder
  2362 | D:3      | Killed Grinder
  2362 | D:3      | Reached skill level 10 in Axes
  2362 | D:3      | Reached XP level 7. HP: 49/57 MP: 7/7
  2505 | D:3      | Noticed Terence
  2519 | D:3      | Killed Terence
  2786 | D:3      | Noticed smzp's ghost (amateur SpAs)
  3304 | D:4      | Noticed Dowan
  3307 | D:4      | Noticed Duvessa
  3312 | D:4      | Killed Dowan
  3312 | D:4      | Reached skill level 11 in Axes
  3323 | D:4      | Gained mutation: You are resistant to hostile enchantments.
                  | (MR+) [potion of mutation]
  3323 | D:4      | Gained mutation: Your spells are a little harder to cast,
                  | but a little more powerful. [potion of mutation]
  3323 | D:4      | Gained mutation: Your flesh is cold resistant. (rC+)
                  | [potion of mutation]
  3324 | D:4      | Slain by Duvessa

Levels and vault maps discovered:
D:1:      roderic_dead_forest, layout_loops_ring
D:2:      layout_basic, first_ration, chequers_serial_rivers_micro_e,
          kennysheep_cluttered_room, nemelex_xobeh_ov_fountains_minmay
D:3:      layout_basic, gammafunk_ghost_icy, uniq_terence, uniq_sigmund,
          uniq_grinder, uniq_ijyb
D:4:      layout_loops_cross, uniq_duvessa

Skill      XL: |  1  2  3  4  5  6  7 |
---------------+----------------------+-----
Axes           | 3 4 5 6 8 10 11 | 11.0
Fighting       | |  3.6
Armour         | |  3.2
Shields        | |  3.2

Action                   |  1- 3 |  4- 6 |  7- 9 || total
-------------------------+-------+-------+-------++-------
Melee: War axe           |   128 |   102 |    91 ||   321
       Unarmed           |       |     6 |       ||     6
  Use: Potion            |       |       |     3 ||     3
  Eat: Chunk             |       |     5 |     3 ||     8
Armor: Scale mail        |    58 |    53 |    38 ||   149
Dodge: Dodged            |    52 |    37 |    24 ||   113
Block: Shield            |    65 |    64 |    39 ||   168
